 Dungeon Crawl Stone Soup version 0.16.1-4-g8e1b745 (console) character file.

7 gw the Charlatan (level 1, 0/12 HPs)
             Began as a Deep Elf Artificer on Mar 28, 2015.
             Slain by an orc
             ... wielding a +0 whip
              (2 damage)
             ... on level 3 of the Dungeon.
             The game lasted 00:00:23 (495 turns).

gw the Charlatan (Deep Elf Artificer)                Turns: 495, Time: 00:00:23

Health: 0/12       AC:  3    Str:  8    XL:     1   Next: 83%
Magic:  2/2        EV: 12    Int: 16    God:
Gold:   0          SH:  0    Dex: 15    Spells: 0 memorised, 0 levels left

rFire  . . .     SeeInvis .     a - +0 short sword
rCold  . . .     Clarity  .     e - +0 leather armour
rNeg   . . .     SustAb   .     (no shield)
rPois  .         Gourm    .     (no helmet)
rElec  .         Spirit   .     (no cloak)
rCorr  .         Warding  .     (no gloves)
rMut   .         Stasis   .     (no boots)
MR     .....                    (no amulet)
Stlth  ++........               (no ring)
                                (no ring)

@: not resistant to hostile enchantments, unstealthy
A: no striking features
a: no special abilities


You were on level 3 of the Dungeon.
You were not hungry.

You visited 1 branch of the dungeon, and saw 3 of its levels.

Inventory:

Hand weapons
 a - a +0 short sword (weapon)
Armour
 e - a +0 leather armour (worn)
Magical devices
 b - a wand of flame (12)
 c - a wand of enslavement (10)
 d - a wand of random effects (14)
 i - a wand of invisibility (4)
Scrolls
 h - a scroll of random uselessness {unknown}
Potions
 g - a potion of restore abilities {unknown}
Comestibles
 f - a bread ration


   Skills:
 + Level 1.1 Fighting
 * Level 1.4 Short Blades
 + Level 2.6 Dodging
 - Level 1.2 Stealth
 - Level 3.2 Evocations


You couldn't memorise any spells.
You didn't know any spells.

Dungeon Overview and Level Annotations

Branches:
Dungeon (3/15)

Altars:


Message History

Unknown command.
Evoke which item? (* to show all) (? for menu, Esc to quit)
Zapping:
c - a wand of enslavement (11)
Press: ? - help, Shift-Dir - straight line, f - adder, p - orc priest
Aim: an adder (chance 62%)
The adder is charmed.
This wand has 10 charges left.
The orc hits you with a whip. x2
The orc closely misses your adder. The ball python barely misses you.
The ball python closely misses you.
Unknown command.
Unknown command.
Unknown command.
Unknown command.
Evoke which item? (* to show all) (? for menu, Esc to quit)
Zapping:
d - a wand of random effects (15)
Press: ? - help, Shift-Dir - straight line, f - ball python, p - adder
Aim: a ball python The ball python suddenly stops moving!
This wand has 14 charges left.
The orc hits you with a whip.
You die...

.## .......
....... ........
.........
#.......#
#........
#SS.....#.
#eooo.....
...$...ooo.......
...........#...
...........# .
<.......#..#
.......#..#
....#.#..#
......... ...


You could see an orc wizard, 3 orcs, a ball python (paralysed), 2 friendly orc
priests and a friendly adder.

Table legend:
 A = Turns spent in this place as a percentage of turns spent in the entire game.
 B = Non-inter-level travel turns spent in this place as a percentage of non-inter-level travel turns spent in the entire game.
 C = Inter-level travel turns spent in this place as a percentage of turns spent in this place.
 D = Turns resting spent in this place as a percentage of non-inter-level travel turns spent in this place.
 E = Turns spent auto-exploring this place as a percentage of non-inter-level travel turns spent in this place.
 F = Non-inter-level travel turns spent in this place divided by the number of levels of this place that you've seen.
                   A       B       C       D       E      F
               +-------+-------+-------+-------+-------+----------------------
         Total | 100.0 | 100.0 |   2.3 |   1.6 |   2.0 | 167.0
       Dungeon | 100.0 | 100.0 |   2.3 |   1.6 |   2.0 | 167.0
               +-------+-------+-------+-------+-------+----------------------

Table legend:
 A = Kills in this place as a percentage of kills in entire the game.
 B = Kills by you in this place as a percentage of kills by you in the entire game.
 C = Kills by friends in this place as a percentage of kills by friends in the entire game.
 D = Other kills in this place as a percentage of other kills in the entire game.
 E = Experience gained in this place as a percentage of experience gained in the entire game.
 F = Experience gained in this place divided by the number of levels of this place that you have seen.
                   A       B       C       D       E      F
               +-------+-------+-------+-------+-------+----------------------
         Total | 100.0 | 100.0 |  -nan |  -nan | 100.0 |   3.3
       Dungeon | 100.0 | 100.0 |  -nan |  -nan | 100.0 |   3.3
               +-------+-------+-------+-------+-------+----------------------

Vanquished Creatures
  2 hobgoblins (D:2)
  2 bats
  A giant newt (D:2)
  2 rats (D:2)
7 creatures vanquished.

Notes
Turn   | Place    | Note
--------------------------------------------------------------
     0 | D:1      | gw, the Deep Elf Artificer, began the quest for the Orb.
     0 | D:1      | Reached XP level 1. HP: 11/11 MP: 2/2
   125 | D:2      | Reached skill level 1 in Fighting
   488 | D:3      | Noticed an orc priest
   488 | D:3      | Noticed an orc priest
   494 | D:3      | Noticed an orc wizard
   495 | D:3      | Slain by an orc

Action                   || total
-------------------------++-------
Melee: Short sword       ||    23
Evoke: Wand              ||     9

Vault maps used:
D:1:      scummos_arrival_gate, okawaru_ov_weapons_minmay
D:2:      uniq_terence, uniq_iyjb
D:3:      nemelex_altar_shiori, first_bread, uniq_crazy_yiuf_cottage
